 Dungeon Crawl Stone Soup version 0.27-a0-1196-g3e9cee4cb2 (webtiles) character file.

Game seed: 12989230890447658968

1692 spiderkeys the Poker (level 9, -17/61 HPs)
             Began as an Octopode Abyssal Knight on May 29, 2021.
             Was an Elder of Lugonu.
             Demolished by Harold
             ... wielding a +2 dire flail of protection
              (27 damage)
             ... on level 7 of the Dungeon.
             The game lasted 00:17:26 (9725 turns).

spiderkeys the Poker (Octopode Abyssal Knight)      Turns: 9725, Time: 00:17:27

Health: -17/61     AC:  1    Str: 15    XL:     9   Next: 2%
Magic:  13/13      EV: 14    Int: 14    God:    Lugonu [****..]
Gold:   336        SH:  6    Dex: 11    Spells: 8/8 levels left

rFire    . . .     SeeInvis .   a - +2 spear (freeze)
rCold    . . .     Faith    .   c - +2 buckler
rNeg     . . .     Spirit   .   (helmet restricted)
rPois    .         Reflect  .   g - amulet of regeneration
rElec    .         Harm     .   d - ring of willpower
rCorr    .         Rampage  .   e - ring of willpower
Will     ++...                  L - ring of flight
Stlth    ++........             (no ring)
HPRegen  1.20/turn              (no ring)
MPRegen  0.13/turn              (no ring)
                                (no ring)
                                (no ring)

@: flying, hasted, very quick
A: almost no armour, amphibious, 8 rings, camouflage 1, gelatinous body 1,
(nimble swimmer 1), tentacles
a: Renounce Religion, Depart the Abyss, Bend Space, Banish, Corrupt


You were on level 7 of the Dungeon.
You worshipped Lugonu.
Lugonu was greatly pleased with you.
You visited 1 branch of the dungeon, and saw 7 of its levels.
You visited the Abyss 1 time.

You collected 336 gold pieces.


Innate Abilities, Weirdness & Mutations

You cannot wear most types of armour.
You are amphibious.
You can wear up to eight rings at the same time.
Your skin changes colour to match your surroundings (Stealth+).
Your rubbery body absorbs attacks. (AC +1, EV +1)
((You are camouflaged near water. (Stealth+)))
You have tentacles for arms and can constrict up to eight enemies at once.


   Skills:
 + Level 5.4 Fighting
 * Level 6.8 Polearms
 + Level 5.0 Dodging
 - Level 4.0 Shields
 + Level 5.4 Invocations


You had 8 spell levels left.
You didn't know any spells.
Your spell library contained the following spells:

 Spells                   Type           Power      Damage    Failure   Level
 Animate Skeleton         Necr           0%         N/A       28%         1
 Apportation              Tloc           0%         N/A       28%         1
 Corona                   Hex            0%         N/A       28%         1
 Summon Small Mammal      Summ           0%         N/A       28%         1
 Ensorcelled Hibernation  Hex/Ice        0%         N/A       41%         2
 Slow                     Hex            0%         N/A       41%         2
 Confusing Touch          Hex            0%         N/A       65%         3
 Dazzling Flash           Conj/Hex       0%         N/A       65%         3
 Inner Flame              Hex/Fire       0%         N/A       65%         3
 Portal Projectile        Hex/Tloc       0%         N/A       65%         3
 Tukima's Dance           Hex            0%         N/A       65%         3
 Cause Fear               Hex            0%         N/A       96%         4
 Leda's Liquefaction      Hex/Erth       0%         N/A       96%         4
 Bolt of Magma            Conj/Fire/Erth 0%         4d4       100%        5
 Iskenderun's Battlesphe  Conj           0%         2d6       100%        5
 Summon Forest            Summ/Tloc      0%         N/A       100%        5
 Summon Mana Viper        Hex/Summ       0%         N/A       100%        5
 Iron Shot                Conj/Erth      0%         9d1       100%        6
 Shadow Creatures         Summ           N/A        N/A       100%        6
 Orb of Destruction       Conj           0%         N/A       100%        7
 Spellforged Servitor     Conj/Summ      0%         N/A       100%        7
 Summon Hydra             Summ           0%         N/A       100%        7

Inventory:

Hand Weapons
 a - a +2 spear of freezing (weapon)
   (You took it off a gnoll on level 3 of the Dungeon)
 b - a +0 hunting sling
   (You found it on level 5 of the Dungeon)
 r - a +2 spear
 D - a +0 trident
   (You took it off an orc on level 6 of the Dungeon)
Missiles
 n - 36 bolts
 o - 42 arrows
 s - 2 silver boomerangs
 t - 40 sling bullets
 x - 122 stones
 A - 2 javelins
 B - 5 throwing nets {=f!f}
Armour
 c - a +2 buckler (worn)
   (You found it on level 2 of the Abyss)
Jewellery
 d - a ring of willpower (left tentacle)
   (You found it on level 1 of the Dungeon)
 e - a ring of willpower (right tentacle)
   (You found it on level 1 of the Dungeon)
 g - an amulet of regeneration (around mantle)
   (You found it on level 4 of the Dungeon)
 F - a ring of fire
   (You found it on level 5 of the Dungeon)
 L - a ring of flight (on tentacle)
   (You found it on level 4 of the Dungeon)
Wands
 j - a wand of flame (9)
   (You took it off Ijyb on level 4 of the Dungeon)
 J - a wand of iceblast (3)
   (You found it on level 6 of the Dungeon)
Scrolls
 f - a scroll of fog
 h - 2 scrolls of fear
 i - a scroll of amnesia
 l - a scroll of silence {!r}
 p - 4 scrolls of teleportation {@r4}
 y - a scroll of enchant weapon
 z - a scroll of identify {@r1}
 C - a scroll of noise {!r}
 E - a scroll of immolation {!r!r}
 I - 2 scrolls of vulnerability {!r!r}
Potions
 k - a potion of mutation {unknown}
 m - 5 potions of attraction {!q}
 q - a potion of flight {unknown}
 u - a potion of degeneration {unknown}
 v - 4 potions of curing {@q1}
 G - 2 potions of brilliance {unknown}
 H - a potion of might {unknown}

Dungeon Overview and Level Annotations

Branches:
Dungeon (7/15)             Temple (0/1) D:7

Altars:
Yredelemnul

Shops:
D:2 [

Annotations:
D:4 1 runed translucent door, Crazy Yiuf
D:7 Harold

... ..> ... #.#
.... #.# .. .....
#.### ..#
.....###...# ....
..........#
#........
#.@....#
#........# #@...#
....... #.#
#.#...# .....
##.##.##...#
....##.#..#.##..#
.
#..##.#..#.##..#
.#
#...##.##.##...#
..
#...#.#..#.#...#
#.##
#....######....#
..#
#......##......#


You could see Harold.


Message History

You have reached level 9!
Your experience leads to an increase in your attributes!
Increase (S)trength, (I)ntelligence, or (D)exterity?
You feel stronger. 😎 HP[+6]
You now have 61 max hp (+6).
Your hp is fully restored (61).
You hit the howler monkey zombie. You grab the howler monkey zombie.
You constrict the howler monkey zombie.
You block the howler monkey zombie's attack.
You puncture the howler monkey zombie! You squeeze the howler monkey zombie.
You constrict the howler monkey zombie. You hit the howler monkey zombie.
You constrict the howler monkey zombie. The howler monkey zombie misses you.
You barely miss the howler monkey zombie.
You constrict the howler monkey zombie.
You destroy the howler monkey zombie!
Lugonu accepts your kill.
No target in view!
Key pressed, stopping explore.
Key pressed, stopping explore.
You now have 310 gold pieces (gained 7).
You now have 321 gold pieces (gained 11).
You now have 329 gold pieces (gained 8).
You now have 336 gold pieces (gained 7).
h - 2 scrolls of fear (gained 1)
Found a stone staircase leading down. 😎 MP[+2]
Your mp is fully restored (13).
Harold the Weathered comes into view.
He is wielding a +2 dire flail of protection.
Harold shouts!
Aiming: Throw Flame
Press: ? - help, Shift-Dir - straight line, f - Harold
Aim: Harold, wielding a +2 dire flail of protection, wearing a +0 scale mail and quivering 4 throwing nets (81% to hit)
The puff of flame hits Harold but does no damage.
Aiming: Iceblast
Press: ? - help, Shift-Dir - straight line, f/p - Harold
Aim: Harold, wielding a +2 dire flail of protection, wearing a +0 scale mail and quivering 4 throwing nets The mass of ice explodes!
The iceblast engulfs Harold.
Aiming: Iceblast
Press: ? - help, Shift-Dir - straight line, f/p - Harold
Aim: Harold, wielding a +2 dire flail of protection, wearing a +0 scale mail and quivering 4 throwing nets (lightly wounded)
The mass of ice explodes!
The iceblast engulfs Harold!!
Harold yells, "I don't have all day!"
Aiming: Iceblast
Press: ? - help, Shift-Dir - straight line, f/p - Harold
Aim: Harold, wielding a +2 dire flail of protection, wearing a +0 scale mail and quivering 4 throwing nets (moderately wounded)
The mass of ice explodes!
The iceblast engulfs Harold!
Aiming: Iceblast
Press: ? - help, Shift-Dir - straight line, f/p - Harold
Aim: Harold, wielding a +2 dire flail of protection, wearing a +0 scale mail and quivering 4 throwing nets (moderately wounded)
The mass of ice explodes!
The iceblast engulfs Harold!
You hit Harold but do no damage. You grab Harold.
You constrict Harold, but do no damage. Harold barely misses you.
You hit Harold. You freeze Harold. You squeeze Harold.
You constrict Harold, but do no damage.
Harold hits you with a +2 dire flail of protection! 😕 HP[-13]
You take 13 damage, and now have 48/61 hp.
MASSIVE DAMAGE!! (PAUSE)
You hit Harold but do no damage.
You constrict Harold, but do no damage. 😕 HP[+1]
You barely miss Harold. You constrict Harold.
Harold hits you with a +2 dire flail of protection! 😮 HP[-8]
You take 8 damage, and now have 41/61 hp.
You hit Harold but do no damage. You constrict Harold.
Harold hits you with a +2 dire flail of protection!
* * * LOW HITPOINT WARNING * * *
😨 HP[-14]
You take 14 damage, and now have 27/61 hp.
MASSIVE DAMAGE!! (PAUSE)
You hit Harold but do no damage. You squeeze Harold, but do no damage.
You constrict Harold.
Harold hits you with a +2 dire flail of protection!
* * * LOW HITPOINT WARNING * * *
😨 HP[-7]
You take 7 damage, and now have 20/61 hp.
You hit Harold but do no damage.
You constrict Harold, but do no damage. 😨 HP[+1]
You hit Harold but do no damage. You constrict Harold.
Harold hits you with a +2 dire flail of protection!
* * * LOW HITPOINT WARNING * * *
😱 HP[-14]
You take 14 damage, and now have 7/61 hp.
MASSIVE DAMAGE!! (PAUSE)
You feel better.
You constrict Harold. You block Harold's attack. 😨 HP[+9]
You regained 9 hp, and now have 16/61 hp.
You feel yourself speed up.
You constrict Harold.
Harold hits you with a +2 dire flail of protection!
* * * LOW HITPOINT WARNING * * *
😱 HP[-7]
You take 7 damage, and now have 9/61 hp.
You hit Harold but do no damage. You constrict Harold.
You block Harold's attack.
You hit Harold but do no damage. You constrict Harold. 😱 HP[+1]
You hit Harold. You freeze Harold. You constrict Harold.
Harold hits you with a +2 dire flail of protection!!
You die...

Skill      XL: |  1  2  3  4  5  6  7  8 |
---------------+-------------------------+-----
Shields        | 1 2 3 4 |  4.0
Polearms       | 3 4 5 6 |  6.8
Dodging        | 3 4 5 |  5.0
Invocations    | 3 4 5 |  5.4
Fighting       | 4 5 |  5.4

Action                   |  1- 3 |  4- 6 |  7- 9 || total
-------------------------+-------+-------+-------++-------
Melee: Spear             |   105 |   217 |   181 ||   503
       Constrict         |    16 |    44 |    25 ||    85
       Tentacles         |    12 |    34 |    33 ||    79
 Fire: Hunting sling     |       |       |     5 ||     5
Throw: Javelin           |       |     5 |     2 ||     7
       Stone             |       |     3 |       ||     3
Invok: Depart the Abyss  |     1 |       |       ||     1
Evoke: Wand              |       |       |     5 ||     5
  Use: Scroll            |     4 |     5 |     5 ||    14
       Potion            |       |     3 |     2 ||     5
 Stab: Sleeping          |    19 |     5 |     4 ||    28
Armor: Skin              |     4 |     9 |     4 ||    17
Dodge: Dodged            |    24 |    81 |    82 ||   187
Block: Buckler           |     8 |    32 |    33 ||    73

Levels and vault maps discovered:
D:1:      minmay_arrival_semitransparent, layout_loops_ring,
          hellmonk_ecumenical_altar_heavens_door
D:2:      layout_loops_cross, serial_shops, shop, minmay_pentomino_r2,
          uniq_natasha, uniq_robin
D:3:      layout_basic, lemuel_zombie_altar_yredelemnul, grunt_ministairs_14
D:4:      kennysheep_slugbush, layout_basic, uniq_ijyb, uniq_edmund,
          uniq_crazy_yiuf_cottage
D:5:      layout_cave_pools
D:6:      layout_layer_cave
D:7:      layout_basic, kennysheep_mini, grunt_temple_overflow_open,
          minmay_temple_entry_poolview, minivault_22, minmay_fountain_box,
          kennysheep_small_circle, uniq_harold

Notes
Turn   | Place    | Note
-------+----------+-------------------------------------------
     0 | Abyss:1  | spiderkeys the Octopode Abyssal Knight began the quest for
                  | the Orb.
     0 | Abyss:1  | Reached XP level 1. HP: 16/16 MP: 2/2
     0 | Abyss:1  | magus.rc [v1.9.10]
   183 | Abyss:2  | Noticed a quasit
   196 | Abyss:2  | You pick up a book of Summonings and begin reading...
   196 | Abyss:2  | You add the spells Summon Forest, Summon Mana Viper, Shadow
                  | Creatures and Summon Hydra to your library.
   199 | Abyss:2  | Noticed a starcursed mass
   201 | D:1      | You pass through the gate.
   201 | D:1      | Escaped the Abyss
   453 | D:1      | Found a faded altar of an unknown god.
   491 | D:1      | Reached XP level 2. HP: 21/21 MP: 3/3
   715 | D:1      | Reached * piety under Lugonu
   886 | D:1      | Reached XP level 3. HP: 26/26 MP: 4/4
  1544 | D:2      | Reached skill level 1 in Shields
  1595 | D:2      | Reached XP level 4. HP: 31/31 MP: 5/5
  1671 | D:2      | Found Wusuola's Armour Boutique.
  1701 | D:2      | Noticed Robin
  1799 | D:2      | Reached ** piety under Lugonu
  1808 | D:2      | Killed Robin
  1809 | D:2      | Reached skill level 3 in Polearms
  2061 | D:2      | Noticed Natasha
  2067 | D:2      | Killed Natasha
  2092 | D:2      | Noticed Natasha
  2116 | D:2      | Killed Natasha
  2117 | D:2      | Reached skill level 3 in Dodging
  2117 | D:2      | Reached XP level 5. HP: 21/36 MP: 7/7
  2122 | D:2      | Reached skill level 3 in Invocations
  2613 | D:3      | You pick up a book of Maledictions and begin reading...
  2613 | D:3      | You add the spells Corona, Ensorcelled Hibernation,
                  | Confusing Touch, Tukima's Dance and Dazzling Flash to your
                  | library.
  3049 | D:3      | Found a basalt altar of Yredelemnul.
  3261 | D:3      | HP: 9/37 [poisoned by an adder]
  3629 | D:4      | You pick up a book of Debilitation and begin reading...
  3629 | D:4      | You add the spells Slow, Inner Flame, Portal Projectile,
                  | Cause Fear and Leda's Liquefaction to your library.
  3932 | D:2      | You pick up a book of Cantrips and begin reading...
  3932 | D:2      | You add the spells Animate Skeleton, Summon Small Mammal
                  | and Apportation to your library.
  4014 | D:2      | Noticed Natasha
  4016 | D:2      | HP: 2/37 [gnoll/+0 halberd of protection (13)]
  4435 | D:1      | Killed Natasha
  4436 | D:1      | Reached XP level 6. HP: 26/43 MP: 8/8
  4997 | D:2      | Reached skill level 2 in Shields
  5911 | D:2      | Reached skill level 4 in Polearms
  6190 | D:3      | Reached *** piety under Lugonu
  6670 | D:4      | Noticed Ijyb
  6688 | D:4      | HP: 10/43 [orc/+0 hand axe (7)]
  6691 | D:4      | Killed Ijyb
  6692 | D:4      | Reached skill level 4 in Fighting
  6692 | D:4      | HP: 4/43 [orc/+0 hand axe (5)]
  6813 | D:4      | Reached XP level 7. HP: 42/48 MP: 9/9
  7009 | D:4      | Noticed Edmund
  7018 | D:4      | Killed Edmund
  7064 | D:4      | Reached skill level 4 in Invocations
  7475 | D:4      | Found a runed translucent door.
  7476 | D:4      | Noticed Crazy Yiuf
  7517 | D:5      | Entered Level 5 of the Dungeon
  7543 | D:5      | Reached skill level 5 in Polearms
  7543 | D:5      | Reached skill level 4 in Dodging
  7543 | D:5      | Reached skill level 3 in Shields
  7621 | D:5      | Reached XP level 8. HP: 40/54 MP: 11/11
  8203 | D:6      | Reached skill level 5 in Fighting
  8229 | D:6      | Reached skill level 6 in Polearms
  8288 | D:6      | Reached **** piety under Lugonu
  8289 | D:6      | Reached skill level 5 in Invocations
  8460 | D:6      | Reached skill level 4 in Shields
  9020 | D:6      | You pick up a book of Power and begin reading...
  9020 | D:6      | You add the spells Iskenderun's Battlesphere, Bolt of
                  | Magma, Iron Shot, Orb of Destruction and Spellforged
                  | Servitor to your library.
  9529 | D:7      | Found a staircase to the Ecumenical Temple.
  9658 | D:7      | Noticed a wyvern
  9666 | D:7      | Killed a wyvern
  9667 | D:7      | Reached skill level 5 in Dodging
  9667 | D:7      | Reached XP level 9. HP: 61/61 MP: 11/13
  9707 | D:7      | Noticed Harold
  9720 | D:7      | HP: 7/61 [Harold/+2 dire flail of protection (15)]
  9725 | D:7      | Demolished by Harold

Vanquished Creatures
  A wyvern (D:7)
  Edmund (D:4)
  A sky beast (D:6)
  A black bear (D:5)
  A centaur (D:5)
  A bullfrog (D:7)
  2 scorpions
  A water moccasin zombie (D:5)
  A bullfrog zombie (D:5)
  A centaur zombie (D:4)
  4 hounds
  An orc priest (D:6)
  A jelly (D:6)
  A centaur skeleton (D:5)
  2 iguanas
  A scorpion zombie (D:3)
  3 orc wizards
  Ijyb (D:4)
  Natasha (thrice) (D:2 D:1)
  A killer bee zombie (D:6)
  A howler monkey zombie (D:7)
  Robin (D:2)
  16 gnolls
  5 adders
  2 ufetubi
  A worm (D:4)
  An adder skeleton (D:4)
  12 dart slugs
  16 orcs
  12 endoplasms
  2 giant cockroaches
  9 hobgoblins
  9 jackals
  10 quokkas
  2 ball pythons
  8 bats
  2 frilled lizards
  A giant cockroach zombie (D:3)
  16 goblins
  3 kobolds
  5 rats
163 creatures vanquished.

Vanquished Creatures (others)
  A fungus (D:4)
1 creature vanquished.

Grand Total: 164 creatures vanquished

Table legend:
 A = Non-vault XP
 B = Vault XP
 C = Vault XP percentage of total XP
 D = Non-vault monster count
 E = Vault monster count
 F = Vault count percentage of total count
                 A         B        C        D         E       F
            +---------+---------+-------+---------+---------+-------
      Total |    2071 |     347 |  14.4 |     135 |      28 |  17.2
            +---------+---------+-------+---------+---------+-------
        D:1 |     102 |       0 |   0.0 |      31 |       0 |   0.0
        D:2 |     138 |      72 |  34.3 |      28 |      14 |  33.3
        D:3 |     102 |      43 |  29.7 |      23 |       4 |  14.8
        D:4 |     166 |     232 |  58.3 |      14 |      10 |  41.7
        D:5 |     731 |       0 |   0.0 |      19 |       0 |   0.0
        D:6 |     529 |       0 |   0.0 |      17 |       0 |   0.0
        D:7 |     303 |       0 |   0.0 |       3 |       0 |   0.0
            +---------+---------+-------+---------+---------+-------

Illustrated notes

Table legend:
 A = Kills in this place as a percentage of kills in entire the game.
 B = Kills by you in this place as a percentage of kills by you in the entire game.
 C = Kills by friends in this place as a percentage of kills by friends in the entire game.
 D = Other kills in this place as a percentage of other kills in the entire game.
 E = Experience gained in this place as a percentage of experience gained in the entire game.
 F = Experience gained in this place divided by the number of levels of this place that you have seen.
                   A       B       C       D       E      F
               +-------+-------+-------+-------+-------+----------------------
         Total | 100.0 | 100.0 |   N/A |   N/A | 100.0 | 268.7
       Dungeon | 100.0 | 100.0 |   N/A |   N/A | 100.0 | 345.4
               +-------+-------+-------+-------+-------+----------------------

Table legend: (Time is in decaauts)
 A = Elapsed time spent in this place.
 B = Non-inter-level travel time spent in this place.
 C = Inter-level travel time spent in this place.
 D = Time resting spent in this place.
 E = Time spent auto-exploring this place.
 F = Levels seen in this place.
 G = Mean time per level.
                   A        B        C        D        E       F      G
               +--------+--------+--------+--------+--------+-----+--------+
         Total |   9688 |   9284 |    404 |   2367 |   5206 |   9 | 1076.4 |
       Dungeon |   9487 |   9083 |    404 |   2367 |   5137 |   7 | 1355.3 |
         Abyss |    200 |    200 |      0 |      0 |     69 |   2 |  100.0 |
               +--------+--------+--------+--------+--------+-----+--------+

Top non-repeatable levels by time:
     D:2: 2920 daAuts
     D:3: 1913 daAuts
     D:1: 1465 daAuts
     D:6: 1270 daAuts
     D:4: 1088 daAuts
     D:5: 559 daAuts
     D:7: 269 daAuts
 Abyss:1: 144 daAuts
 Abyss:2: 56 daAuts
